 Dungeon Crawl Stone Soup version 0.21.1-1-g345015fe64 (webtiles) character file.

25 Hercules1031 the Slasher (level 3, 31/31 HPs)
             Began as a Gnoll Wanderer on June 22, 2018.
             Got out of the dungeon alive.
             The game lasted 00:02:43 (783 turns).

Hercules1031 the Slasher (Gnoll Wanderer)            Turns: 783, Time: 00:02:44

Health: 31/31      AC:  6    Str: 15    XL:     3   Next: 4%
Magic:  4/4        EV: 12    Int: 13    God:
Gold:   11         SH:  0    Dex: 15    Spells: 3/3 levels left

rFire    . . .     SeeInvis .   e - +0 short sword
rCold    . . .     Gourm    .   (no shield)
rNeg     . . .     Faith    .   a - +3 leather armour
rPois    .         Spirit   .   (no helmet)
rElec    .         Reflect  .   (no cloak)
rCorr    .         Harm     .   (no gloves)
MR       .....                  (no boots)
Stlth    +.........             (no amulet)
HPRegen  0.10/turn              (no ring)
MPRegen  0.09/turn              (no ring)

@: no status effects
A: distributed training, fangs 1, strong nose
a: no special abilities


You escaped.
You were not hungry.

You visited 1 branch of the dungeon, and saw 1 of its levels.

You collected 11 gold pieces.

Inventory:

Hand Weapons
 d - a +0 dagger
 e - a +0 short sword (weapon)
 k - a +0 dagger of venom
Armour
 a - a +3 leather armour (worn)
Potions
 b - a potion of curing
 c - a potion of lignification
 g - a potion of haste {unknown}
Comestibles
 f - 2 rations


   Skills:
 + Level 4.5 Fighting
 + Level 4.5 Short Blades
 + Level 6.5 Long Blades
 + Level 0.5 Axes
 + Level 0.5 Maces & Flails
 + Level 0.5 Polearms
 + Level 0.5 Staves
 + Level 0.5 Slings
 + Level 0.5 Bows
 + Level 0.5 Crossbows
 + Level 2.5 Throwing
 + Level 0.5 Armour
 + Level 2.5 Dodging
 + Level 0.5 Stealth
 + Level 0.5 Shields
 + Level 0.5 Unarmed Combat
 + Level 0.5 Spellcasting
 + Level 0.4 Conjurations
 + Level 0.4 Hexes
 + Level 0.4 Charms
 + Level 0.4 Summonings
 + Level 0.4 Necromancy
 + Level 0.4 Translocations
 + Level 0.4 Transmutations
 + Level 0.4 Fire Magic
 + Level 0.4 Ice Magic
 + Level 0.4 Air Magic
 + Level 0.4 Earth Magic
 + Level 0.4 Poison Magic
 + Level 0.7 Invocations
 + Level 2.5 Evocations


You had 3 spell levels left.
You didn't know any spells.

Dungeon Overview and Level Annotations

Branches:
Dungeon (1/15)

Altars:


Innate Abilities, Weirdness & Mutations

Your experience applies equally to all skills.
You have very sharp teeth.
Your uncanny sense of smell can sniff out nearby items.


Message History

You have reached level 3!
Your experience leads to an increase in your attributes!
Increase (S)trength, (I)ntelligence, or (D)exterity?
You feel stronger.
You see here a hobgoblin corpse.
Found an escape hatch in the floor.
A frilled lizard comes into view.
Found a viscous black potion.
You see here a viscous black potion.
g - a viscous black potion The frilled lizard closely misses you.
The frilled lizard barely misses you.
You barely miss the frilled lizard. The frilled lizard barely misses you.
You miss the frilled lizard. You hit the frilled lizard.
You kill the frilled lizard!
Found 8 gold pieces.
There is a staircase leading out of the dungeon here.
Are you sure you want to leave the Dungeon?
This will make you lose the game!
You have escaped!

###........#.#P...P#
#.# #.#.#
#..........#.##...##
#.# #.#.#
#......#####.#P...P#
#.# #.#.# #......#
#.##...## #.# #.#.#
#......# #.#P...P#
#.# #.#.# .......#
#)##...## #.# #.#.#
.......# #.#P...P#
#.# #.#.# .......#
#.##...## #.# #.#.#
.......# #..#.@.#
#.######.#.#
.############.#####
#..........# .#
#......†(#
#.######.### .#
#.....†.(## #.# #†#
# .#####......(..#
#.# #.# #
.........)..(#.##
#.# #.# #
..........####..###
##.######.# #
..........##......#
#.........# #
..........##......#
#..######## #


There were no monsters in sight!

Vanquished Creatures
  2 leopard geckos (D:1)
  5 bats (D:1)
  A giant cockroach (D:1)
  3 goblins (D:1)
  2 hobgoblins (D:1)
  3 kobolds (D:1)
  A ball python (D:1)
  3 frilled lizards (D:1)
  A rat (D:1)
21 creatures vanquished.

Notes
Turn   | Place    | Note
-------+----------+-------------------------------------------
     0 | D:1      | Hercules1031 the Gnoll Wanderer began the quest for the Orb.
     0 | D:1      | Hercules1031 set off with: a +2 leather armour, a potion of curing, a potion of lignification, a +0 dagger, a ration
     0 | D:1      | Reached XP level 1. HP: 20/20 MP: 2/2
    81 | D:1      | Reached XP level 2. HP: 17/26 MP: 3/3
   681 | D:1      | Reached XP level 3. HP: 23/31 MP: 4/4
   783 | D:$      | Got out of the dungeon alive.

Action                   || total
-------------------------++-------
Melee: Dagger            ||    15
       Short sword       ||    60
       Bite              ||     8
  Use: Scroll            ||     5
Armor: Leather armour    ||    36
Dodge: Dodged            ||    66
